 Dungeon Crawl Stone Soup version 0.22-a0-443-g17c3723 (webtiles) character file.

29420 Gorglomux the Blocker (level 13, -2/85 HPs)
             Began as a Gargoyle Fighter on June 1, 2018.
             Was a High Priest of Okawaru.
             Blown up by an orb spider (34 damage)
             ... with an orb of destruction
             ... on level 1 of the Spider Nest.
             The game lasted 00:11:25 (21876 turns).

Gorglomux the Blocker (Gargoyle Fighter)           Turns: 21876, Time: 00:11:26

Health: -2/85      AC: 31    Str: 25    XL:     13   Next: 45%
Magic:  17/17      EV:  9    Int:  9    God:    Okawaru [*****.]
Gold:   730        SH: 13    Dex:  9    Spells: 12/12 levels left

rFire    + . .     SeeInvis .   J - +0 broad axe
rCold    . . .     Gourm    .   c - +0 shield
rNeg     + + .     Faith    .   C - +0 plate armour "Woeph" {rF+ Slay+3} (curse)
rPois    ∞         Spirit   .   (no helmet)
rElec    +         Reflect  .   (no cloak)
rCorr    .         Harm     .   O - +2 pair of gloves
MR       +....                  G - +1 pair of boots {run} {god gift}
Stlth    ..........             k - amulet of the acrobat
HPRegen  0.24/turn              m - ring of protection from magic
MPRegen  0.15/turn              r - ring of positive energy

@: studying Dodging, quick
A: negative energy resistance 1, electricity resistance, unbreathing,
petrification resistance, rot immunity, AC +9
a: Heroism, Finesse, Renounce Religion


You were on level 1 of the Spider Nest.
You worshipped Okawaru.
Okawaru was extremely pleased with you.
You were not hungry.

You visited 4 branches of the dungeon, and saw 19 of its levels.
You also visited: Sewer.

You collected 1017 gold pieces.
You spent 287 gold pieces at shops.

Inventory:

Hand Weapons
 J - a +0 broad axe (weapon)
Armour
 c - a +0 shield (worn)
 i - a +0 large shield
 C - the cursed +0 plate armour "Woeph" (worn) {rF+ Slay+3}
   (You found it on level 5 of the Lair of Beasts)

   It affects your accuracy and damage with ranged weapons and melee attacks
   (+3).
   It protects you from fire.
   It has a curse placed upon it.
 G - a +1 pair of boots of running (worn) {god gift}
 O - a +2 pair of gloves (worn)
 W - a +0 plate armour
Jewellery
 k - an amulet of the acrobat (around neck)
 m - a ring of protection from magic (left hand)
 r - a ring of positive energy (right hand)
Wands
 A - a wand of acid (16)
 D - a wand of digging (19)
 I - a wand of iceblast (9)
 P - a wand of paralysis (10)
Scrolls
 q - 2 scrolls of fog
 B - a scroll of blinking
 E - 3 scrolls of enchant weapon
 M - a scroll of magic mapping
 R - a scroll of identify
 S - 7 scrolls of remove curse
 T - 2 scrolls of teleportation
 U - a scroll of enchant armour
Potions
 d - 6 potions of might
 g - 4 potions of mutation {unknown}
 j - 2 potions of lignification
 l - 2 potions of ambrosia
 o - 13 potions of curing
 p - 4 potions of flight
 u - 4 potions of agility {unknown}
 v - 4 potions of brilliance
 H - 7 potions of heal wounds
 N - 2 potions of berserk rage {unknown}
 Q - 3 potions of degeneration {unknown}
 V - a potion of magic {unknown}
 Y - a potion of haste {unknown}
Books
 L - a manual of Dodging
Comestibles
 f - 24 rations


   Skills:
 + Level 11.9 Fighting
 + Level 10.0 Axes
 + Level 11.9 Armour
 + Level 6.8 Dodging
 + Level 11.9 Shields
 + Level 5.7 Invocations


You had 12 spell levels left.
You didn't know any spells.
Your spell library contained the following spells:

 Spells                   Type           Power        Failure   Level  Hunger
 Cause Fear               Hex            #.........   100%        4    #####..
 Magic Dart               Conj           #...         99%         1    ##.....
 Iskenderun's Mystic Bla  Conj           #.......     100%        4    #####..
 Deflect Missiles         Chrm/Air       #.........   100%        6    #######
 Silence                  Hex/Air        #.........   100%        5    ######.
 Fulminant Prism          Conj/Hex       #.........   100%        4    #####..
 Dazzling Spray           Conj/Hex       #.....       100%        3    ####...
 Force Lance              Conj/Tloc      #.......     100%        4    #####..
 Searing Ray              Conj           #.....       100%        2    ###....
 Discord                  Hex            #.........   100%        8    #######
 Yara's Violent Unravell  Hex/Tmut       #.........   100%        5    ######.


Dungeon Overview and Level Annotations

Branches:
Dungeon (11/15)            Temple (1/1) D:7            Lair (6/6) D:10
  Swamp (0/4) Lair:4       Spider (1/4) Lair:2
  Slime: Lair:5-6       Orc: D:9-12

Altars:
Ashenzari
Cheibriados
Dithmenos
Elyvilon
Fedhas
Gozag
Hepliaklqana
Kikubaaqudgha
Makhleb
Nemelex Xobeh
Okawaru
Qazlal
Ru
Sif Muna
Trog
Uskayaw
Vehumet
Wu Jian
Xom
Yredelemnul
Zin
The Shining One

Shops:
D:5 (?[[!   D:6 }   D:9 :

Annotations:
Lair:3 4 exclusions
Lair:4 Sonja


Innate Abilities, Weirdness & Mutations

You are resistant to torment.
Your stone body is resilient. (AC +9)
You are immune to poison.
You resist negative energy. (rN+)
You are resistant to electric shocks. (rElec)
You can survive without breathing.
You are immune to petrification.
You are immune to rotting.


Message History

The wavering orb of destruction weakly hits you!!!
You butt here an orb spider corpse!
Unknown command!
You barely miss the orb spider!
You feel like a meek peon again!
The orb spider begins to weave its threads into a brightly glowing ball!
You chop the orb spider into pieces!!!!!!
The orb spider is heavily butt!
The orb spider weaves a glowing orb of energy!
An orb of destruction comes into view!
Unknown command!
You block the orb of destruction!
The orb of destruction dissipates!
The orb spider begins to weave its threads into a brightly glowing ball!
The orb spider weaves a glowing orb of energy!
An orb of destruction comes into view!
The orb spider weaves a glowing orb of energy!
An orb of destruction comes into view!
There is a crawl-hole back to the Lair here!
The orb of destruction hits you!!! rip

......#............# .
......#............. ..
..........>........ #≈#
................. ≈≈. .
...........^##≈######≈#....
..............s..s.........
#........?....*§s§.........
...............§§†.........
.........##≈#@§..#≈........
............###...≈.....#..
..!.......... #≈###≈...## #
≈##.............. .#..$#
................. ####
......^..........
............#≈# ........


You could see 3 orb spiders.

Vanquished Creatures
  A hydra (Lair:2)
  A death yak (Lair:5)
  A skeletal warrior (D:10)
  Pikel (D:5)
  An orb spider (Spider:1)
  The ghost of Gorglomux the Skirmisher, a novice GrBe of Trog (D:6)
  A wolf spider (Lair:2)
  5 elephants (Lair:5)
  7 spiny frogs
  A black mamba (Lair:1)
  A torpor snail (Lair:5)
  3 komodo dragons
  4 demonic crawlers (Lair:2)
  A troll (D:10)
  4 polar bears
  6 blink frogs
  A hornet (D:8)
  7 hippogriffs
  7 dream sheep (Lair:4)
  26 yaks
  2 redbacks (Lair:2)
  A tarantella (Lair:2)
  4 wyverns
  2 basilisks
  A hungry ghost (D:9)
  Menkaure (D:5)
  2 steam dragons
  A soldier ant (D:8)
  5 water moccasins
  Duvessa (D:5)
  10 porcupines
  3 sky beasts
  6 orc warriors
  2 slaves (D:5)
  2 black bears
  3 ice beasts (D:7)
  4 ogres
  3 phantoms
  4 centaurs
  3 wolves (Lair:4)
  A necrophage (D:8)
  15 crocodiles
  The ghost of Gorglomux the Chopper, an amateur GrBe of Trog (D:3)
  3 big kobolds
  9 bullfrogs
  Dowan (D:5)
  A wyvern zombie (D:10)
  A water moccasin skeleton (D:9)
  3 scorpions
  4 wights (D:7)
  5 crimson imps
  A bullfrog zombie (D:8)
  4 hounds
  A centaur zombie (D:8)
  6 orc priests
  7 orc wizards
  2 bullfrog skeletons
  3 iguanas
  7 worker ants
  A hound skeleton (D:10)
  A worker ant zombie (D:5)
  A howler monkey zombie (D:4)
  A howler monkey skeleton (D:10)
  6 gnolls
  11 adders
  7 river rats
  2 shadow imps
  5 oozes
  An adder zombie (D:6)
  2 adder skeletons (D:7)
  4 worms
  2 dart slugs
  3 leopard geckos
  56 orcs
  8 giant cockroaches
  10 goblins
  A hobgoblin (D:2)
  9 jackals
  2 quokkas (D:3)
  6 ball pythons
  6 bats
  2 frilled lizards
  28 kobolds
  A leopard gecko skeleton (D:5)
  A leopard gecko zombie (D:5)
  2 quokka skeletons
  25 rats
  A butterfly (Lair:3)
  2 fungi
422 creatures vanquished.

Vanquished Creatures (collateral kills)
  A hydra (Lair:3)
1 creature vanquished.

Vanquished Creatures (others)
  An emperor scorpion (Spider:1)
  A centaur (D:5)
  2 gnolls (D:5)
  An adder zombie (D:5)
  An orc (D:5)
  A giant cockroach zombie (D:5)
  20 fungi
  17 plants
44 creatures vanquished.

Grand Total: 467 creatures vanquished

Notes
Turn   | Place    | Note
-------+----------+-------------------------------------------
     0 | D:1      | Gorglomux the Gargoyle Fighter began the quest for the Orb.
     0 | D:1      | Reached XP level 1. HP: 14/14 MP: 1/1
   301 | D:1      | Reached XP level 2. HP: 19/19 MP: 2/2
   700 | D:1      | Reached XP level 3. HP: 23/23 MP: 3/3
   971 | D:2      | Found a snail-covered altar of Cheibriados.
  1075 | D:2      | Found a sparkling altar of Nemelex Xobeh.
  1157 | D:2      | Reached XP level 4. HP: 29/29 MP: 4/4
  1402 | D:3      | Reached XP level 5. HP: 27/33 MP: 5/5
  1493 | D:3      | Found a glowing drain.
  1507 | Sewer    | Entered a sewer
  1930 | Sewer    | Reached skill level 3 in Axes
  2152 | Sewer    | Reached XP level 6. HP: 37/39 MP: 6/6
  2763 | D:3      | Reached XP level 7. HP: 34/44 MP: 7/7
  2950 | D:3      | Found a white marble altar of Elyvilon.
  3160 | D:3      | Noticed Gorglomux's ghost (amateur GrBe)
  3177 | D:3      | Killed Gorglomux's ghost
  3705 | D:3      | Found a glowing golden altar of the Shining One.
  4057 | D:4      | Reached XP level 8. HP: 19/51 MP: 8/8
  4419 | D:4      | Reached skill level 6 in Fighting
  4419 | D:4      | Reached skill level 6 in Armour
  4419 | D:4      | Reached skill level 6 in Shields
  4775 | D:5      | Entered Level 5 of the Dungeon
  4776 | D:5      | Found Hablout's Antique Armour Shoppe.
  4788 | D:5      | Noticed Pikel
  4811 | D:5      | Killed Pikel
  4811 | D:5      | Reached XP level 9. HP: 30/56 MP: 9/9
  4982 | D:5      | Noticed Duvessa
  4983 | D:5      | Noticed Dowan
  5420 | D:5      | Killed Duvessa
  5434 | D:5      | Killed Dowan
  5620 | D:5      | Found Cemyanism's Antique Weapon Shop.
  5714 | D:5      | Found Ede Covosm's Magic Scroll Shop.
  5722 | D:5      | Bought a scroll of enchant armour for 105 gold pieces
  5722 | D:5      | Bought a scroll of enchant weapon for 105 gold pieces
  5732 | D:5      | Found Zuvvuope's Antique Armour Boutique.
  5913 | D:5      | Noticed Menkaure
  5929 | D:5      | Killed Menkaure
  6498 | D:5      | Found Suinid's Distillery.
  6501 | D:5      | Bought a potion of curing for 33 gold pieces
  6827 | D:5      | Bought a potion of might for 44 gold pieces
  6885 | D:6      | Noticed Gorglomux's ghost (novice GrBe)
  6906 | D:6      | Killed Gorglomux's ghost
  6906 | D:6      | Reached skill level 6 in Axes
  7299 | D:6      | Found Hyseedeu's Gadget Shop.
  8311 | D:7      | Reached XP level 10. HP: 64/64 MP: 10/10
  9480 | D:7      | Found a staircase to the Ecumenical Temple.
  9636 | Temple   | Entered the Ecumenical Temple
  9824 | Temple   | Became a worshipper of Warmaster Okawaru
 10696 | D:8      | Reached skill level 9 in Armour
 10696 | D:8      | Reached skill level 9 in Shields
 10698 | D:8      | Reached skill level 9 in Fighting
 10854 | D:8      | Reached * piety under Okawaru
 11112 | D:9      | Found Koluosuq's Book Boutique.
 11594 | D:9      | Found a bloodstained altar of Trog.
 12006 | D:9      | Found a radiant altar of Vehumet.
 12083 | D:10     | Entered Level 10 of the Dungeon
 12217 | D:10     | Reached skill level 1 in Invocations
 12536 | D:10     | Reached ** piety under Okawaru
 12536 | D:10     | Reached XP level 11. HP: 8/71 MP: 8/12
 13528 | D:10     | Found a staircase to the Lair.
 13763 | D:11     | Noticed a skeletal warrior
 13763 | D:11     | Noticed a skeletal warrior
 13763 | D:11     | Noticed a skeletal warrior
 13763 | D:11     | Noticed a skeletal warrior
 13763 | D:11     | Noticed a skeletal warrior
 13800 | D:10     | Killed a skeletal warrior
 14111 | Lair:1   | Entered Level 1 of the Lair of Beasts
 14134 | Lair:1   | Reached skill level 3 in Invocations
 14413 | Lair:1   | Reached *** piety under Okawaru
 15206 | Lair:1   | Found a deep blue altar of Sif Muna.
 15481 | Lair:1   | Reached **** piety under Okawaru
 15772 | Lair:1   | Reached skill level 1 in Dodging
 16058 | Lair:2   | Found a hole to the Spider Nest.
 16397 | Lair:2   | Reached XP level 12. HP: 50/79 MP: 14/14
 16410 | Lair:2   | Reached skill level 3 in Dodging
 16688 | Lair:2   | Reached ***** piety under Okawaru
 16934 | Lair:2   | Noticed a six-headed hydra
 16956 | Lair:2   | Killed an 18-headed hydra
 16956 | Lair:2   | Reached skill level 9 in Axes
 17668 | Lair:3   | Noticed a five-headed hydra
 17693 | Lair:3   | Killed a 16-headed hydra
 18282 | Lair:3   | Found an opulent altar of Gozag.
 18754 | Lair:4   | Received a gift from Okawaru
 18773 | Lair:4   | Identified a +1 pair of boots of running {god gift} (Okawaru gifted it to you on level 4 of the Lair of Beasts)
 19419 | Lair:4   | Noticed Sonja
 19541 | Lair:4   | Found a staircase to the Swamp.
 19870 | Lair:5   | Noticed a death yak
 19882 | Lair:5   | Reached XP level 13. HP: 33/84 MP: 13/16
 19887 | Lair:5   | Reached skill level 6 in Dodging
 20181 | Lair:5   | Found a frozen archway.
 20506 | Lair:5   | Got a bloodstained plate armour
 20517 | Lair:5   | Identified the cursed +0 plate armour "Woeph" {rF+ Slay+3} (You found it on level 5 of the Lair of Beasts)
 21008 | Lair:6   | Entered Level 6 of the Lair of Beasts
 21160 | Spider:1 | Entered Level 1 of the Spider Nest
 21852 | Spider:1 | Noticed an emperor scorpion
 21868 | Spider:1 | Killed an emperor scorpion
 21876 | Spider:1 | Blown up by an orb spider

Vault maps used:
D:1:      tarquinn_simple_flora_water_b
D:2:      lemuel_round_altar, kennysheep_slug_shrine, minmay_small_reverse_x,
          uniq_terence
D:3:      lemuel_doored_altar, old_standard_altar, gup_sewer_entry_bubbles,
          hangedman_abyss_or_decor_lesser_grid
D:4:      black_bear_nest_2
D:5:      serial_shops, shop, shop, nicolae_shop_temple_entry_statues_fountains,
          nicolae_shop_behind_doors, nicolae_shop_behind_doors, first_ration,
          kennysheep_opposing_triangles, uniq_duvessa, uniq_menkaure, uniq_pikel
D:6:      serial_shops, nicolae_shop_temple_entry_statues_fountains,
          lexackson_kobold_supper
D:7:      minmay_temple_entry_glassed_door, kennysheep_generic_room_7
D:8:      hangedman_pestilent_swarm, kennysheep_generic_room_12
D:9:      lemuel_round_altar, vehumet_crystals, serial_shops,
          nicolae_shop_crystal, special_room
D:10:     erik_lair_dragon
D:11:     orc_0_dummy, minivault_7, uniq_maurice
Temple:   eino_temple_scatter_basement
Lair:1:   basic_altar, cheibrodos_lair_lostbears, infiniplex_staircase_pool_2,
          grunt_megastairs_5
Lair:2:   spider_nest_entry_webs, infiniplex_staircase_pool
Lair:3:   lemuel_centaur_altar, lemuel_fruit_fields, serial_bayou_shore_a
Lair:4:   swamp_mist, uniq_sonja
Lair:5:   minmay_slime_entry_oklob_enclosed, portal_ice_cave_entry_pillars_1
Lair:6:   minmay_lair_end_enchanted_forest, minmay_lair_oklob_chamber,
          grunt_megastairs_1, lemuel_fruit_tree, uniq_snorg
Sewer:    sewer_minmay_treatment

Skill      XL: |  1  2  3  4  5  6  7  8  9 10 11 12 13 |
---------------+----------------------------------------+-----
Axes           | 2 3 4 5 6 7 8 9 10 | 10.0
Armour         | 4 5 6 8 9 10 11 | 11.9
Shields        | 4 5 6 8 9 10 11 | 11.9
Fighting       | 4 5 6 8 9 10 11 | 11.9
Invocations    | 1 3 4 5 |  5.7
Dodging        | 2 5 6 |  6.8

Action                   |  1- 3 |  4- 6 |  7- 9 | 10-12 | 13-15 || total
-------------------------+-------+-------+-------+-------+-------++-------
Melee: War axe           |   143 |   205 |   432 |   429 |       ||  1209
       Broad axe         |       |       |       |   548 |   168 ||   716
Throw: Throwing net      |       |       |       |     2 |     1 ||     3
Invok: Heroism           |       |       |       |     9 |     6 ||    15
       Finesse           |       |       |       |     2 |     1 ||     3
Evoke: Wand              |       |       |       |     5 |       ||     5
       Phantom mirror    |       |       |       |     1 |       ||     1
  Use: Potion            |       |     1 |     1 |     1 |       ||     3
       Scroll            |       |       |       |    16 |     3 ||    19
 Stab: Held in net/web   |       |       |       |     1 |       ||     1
  Eat: Chunk             |     1 |     6 |    16 |    36 |     4 ||    63
       Ration            |       |       |     1 |     1 |     1 ||     3
Armor: Scale mail        |   104 |   144 |   218 |   169 |       ||   635
       Plate armour      |       |       |       |   554 |   249 ||   803
Dodge: Dodged            |    68 |    83 |   125 |   361 |   177 ||   814
Block: Shield            |   101 |   159 |   258 |   761 |   219 ||  1498

Table legend:
 A = Spawn XP
 B = Non-spawn XP
 C = Spawn XP percentage of total XP
 D = Spawn monster count
 E = Non-spawn monster count
 F = Spawn count percentage of total count
 G = Total turns spent on level
                    A         B        C        D         E        F      G
               +---------+---------+-------+---------+---------+-------+---------
         Total |       0 |   42029 |   0.0 |       0 |     419 |   0.0 | 21876
               +---------+---------+-------+---------+---------+-------+---------
           D:1 |       0 |      40 |   0.0 |       0 |      24 |   0.0 |   866
           D:2 |       0 |      61 |   0.0 |       0 |      17 |   0.0 |   392
           D:3 |       0 |     588 |   0.0 |       0 |      44 |   0.0 |  1560
           D:4 |       0 |     694 |   0.0 |       0 |      14 |   0.0 |  1255
           D:5 |       0 |    1410 |   0.0 |       0 |      22 |   0.0 |  1713
           D:6 |       0 |    1429 |   0.0 |       0 |      19 |   0.0 |  1370
           D:7 |       0 |    1312 |   0.0 |       0 |      26 |   0.0 |  1934
           D:8 |       0 |    1776 |   0.0 |       0 |      26 |   0.0 |   671
           D:9 |       0 |    1180 |   0.0 |       0 |      43 |   0.0 |  1040
          D:10 |       0 |    2396 |   0.0 |       0 |      16 |   0.0 |  2001
        Lair:1 |       0 |    5500 |   0.0 |       0 |      26 |   0.0 |  1858
        Lair:2 |       0 |    7052 |   0.0 |       0 |      24 |   0.0 |  2105
        Lair:3 |       0 |    5843 |   0.0 |       0 |      23 |   0.0 |  1392
        Lair:4 |       0 |    4255 |   0.0 |       0 |      23 |   0.0 |  1154
        Lair:5 |       0 |    6548 |   0.0 |       0 |      22 |   0.0 |  1191
      Spider:1 |       0 |    1587 |   0.0 |       0 |       2 |   0.0 |    63
         Sewer |       0 |     358 |   0.0 |       0 |      48 |   0.0 |  1080
               +---------+---------+-------+---------+---------+-------+---------
